 Dungeon Crawl Stone Soup version 0.22-a0-782-g038298e (webtiles) character file.

76967 Leszczynek the Destroyer (level 15, -12/120 HPs)
             Began as a Barachi Wizard on June 17, 2018.
             Was a High Priest of Vehumet.
             Killed from afar by a shock serpent (23 damage)
             ... with a bolt of electricity
             ... on level 2 of the Snake Pit on July 20, 2018.
             The game lasted 04:06:14 (20023 turns).

Leszczynek the Destroyer (Barachi Wizard)          Turns: 20023, Time: 04:06:15

Health: -12/120    AC: 14    Str: 14    XL:     15   Next: 55%
Magic:  22/37      EV: 16    Int: 25    God:    Vehumet [*****.]
Gold:   310        SH:  4    Dex: 11    Spells: 3/32 levels left

rFire    . . .     SeeInvis .   a - +2 long sword (freeze)
rCold    . . .     Gourm    .   C - +0 buckler
rNeg     + . .     Faith    .   G - +1 troll leather armour
rPois    .         Spirit   .   n - +2 helmet
rElec    .         Reflect  .   N - +2 cloak
rCorr    .         Harm     .   Z - +2 pair of gloves {Str+3}
MR       +....                  (no boots)
Stlth    +++.......             X - amulet of magic regeneration
HPRegen  0.70/turn              A - ring of magical power
MPRegen  0.50/turn              J - ring of Huerr {+Fly rN+ Str+3}

@: can't hop, very slightly contaminated, studying Stealth, slow
A: +LOS, swims, slowness 1, strong legs 2
a: Hop, Renounce Religion, Evoke Flight


You were on level 2 of the Snake Pit.
You worshipped Vehumet.
Vehumet was extremely pleased with you.
You were hungry.

You visited 5 branches of the dungeon, and saw 26 of its levels.

You collected 2754 gold pieces.
You spent 2444 gold pieces at shops.

Inventory:

Hand Weapons
 a - a +2 long sword of freezing (weapon)
 b - the +10 zealot's sword {holy, *Rage rN+ EV+3}
   (You bought it in a shop on level 2 of the Orcish Mines)

   It has been blessed by the Shining One to cause great damage to the undead
   and demons.
   It affects your evasion (+3).
   It protects you from negative energy.
   It may make you go berserk in combat.
Missiles
 k - 30 tomahawks (quivered)
 E - 8 steel tomahawks
 S - 7 javelins
Armour
 c - the +0 robe of Darkness {rN+ MP+9 Stlth+}
   (You bought it in a shop on level 2 of the Orcish Mines)

   It protects you from negative energy.
   It affects your magic capacity (+9).
   It makes you more stealthy.
 n - a +2 helmet (worn)
 s - a +3 leather armour
 x - +0 acid dragon scales
 z - the +1 buckler of Kuasoz {+Blink rElec rCorr Int-4}
   (You found it on level 1 of the Orcish Mines)

   It affects your intelligence (-4).
   It insulates you from electricity.
   It lets you blink.
   It provides partial protection from all sources of acid and corrosion.
 C - a +0 buckler (worn)
 G - a +1 troll leather armour (worn)
 N - a +2 cloak (worn)
 Z - a +2 pair of gloves of strength (worn)
Magical Staves
 y - an uncursed staff of wizardry
 F - an uncursed staff of fire
Jewellery
 o - an uncursed ring of fire
 A - a ring of magical power (left hand)
 J - the ring of Huerr (right hand) {+Fly rN+ Str+3}
   (You found it on level 6 of the Lair of Beasts)

   [ring of flight]

   It affects your strength (+3).
   It protects you from negative energy.
   It lets you fly.
 U - an uncursed amulet of regeneration
 W - a +3 ring of dexterity
 X - an amulet of magic regeneration (around neck)
Wands
 r - a wand of paralysis (6)
 I - a wand of flame (15)
 K - a wand of polymorph (28)
 P - a wand of iceblast (21)
 Q - a wand of scattershot (5)
 V - a wand of digging (29)
Scrolls
 g - 7 scrolls of teleportation
 h - 3 scrolls of blinking
 i - a scroll of remove curse {@r2}
 l - a scroll of fog
 p - 6 scrolls of immolation {!r}
 B - 4 scrolls of amnesia
 M - 2 scrolls of magic mapping
 O - 3 scrolls of fear
 T - 2 scrolls of silence {!r}
 Y - a scroll of summoning
Potions
 e - 2 potions of brilliance
 f - a potion of invisibility
 j - a potion of berserk rage {unknown}
 m - 6 potions of might
 u - 2 potions of magic
 v - a potion of haste {unknown}
 w - 3 potions of heal wounds {@q2}
 D - 4 potions of mutation {!q}
 H - 2 potions of flight
 L - a potion of curing {@q1}
 R - 2 potions of resistance {unknown}
Books
 q - a manual of Stealth
Comestibles
 d - 24 rations


   Skills:
 - Level 12.0 Fighting
 - Level 8.5 Long Blades
   Level 6.7 Maces & Flails
 - Level 9.0 Dodging
 - Level 5.4 Stealth
 - Level 4.2 Shields
 - Level 9.1 Spellcasting
 - Level 13.7 Conjurations
 + Level 8.7 Summonings
 - Level 5.0 Translocations
 - Level 7.0 Transmutations
 - Level 5.4 Fire Magic
 - Level 11.1 Ice Magic
 - Level 2.1 Air Magic
 - Level 2.1 Poison Magic


You had 3 spell levels left.
You knew the following spells:

 Your Spells              Type           Power        Failure   Level  Hunger
a - Throw Icicle          Conj/Ice       ######..     1%          4    ##.....
b - Monstrous Menagerie   Summ           ######....   86%         7    #######
c - Conjure Flame         Conj/Fire      ######..     1%          3    None
d - Mephitic Cloud        Conj/Pois/Air  #####...     1%          3    None
e - Bolt of Cold          Conj/Ice       ######....   1%          6    ######.
f - Irradiate             Conj/Tmut      ######....   1%          5    ####...
A - Apportation           Tloc           #####.       1%          1    None

Your spell library contained the following spells:

 Spells                   Type           Power        Failure   Level  Hunger
 Magic Dart               Conj           ####         1%          1    None
 Slow                     Hex            ##......     11%         2    None
 Confuse                  Hex            ##......     21%         3    None
 Invisibility             Hex            ##......     100%        6    ######.
 Throw Frost              Conj/Ice       ######       1%          2    None
 Controlled Blink         Tloc           N/A          100%        8    #######
 Freezing Cloud           Conj/Ice/Air   ######....   7%          6    ######.
 Venom Bolt               Conj/Pois      ######....   2%          5    ####...
 Teleport Other           Tloc           #####...     2%          3    None
 Summon Small Mammal      Summ           ####         1%          1    None
 Blink                    Tloc           N/A          1%          2    None
 Iskenderun's Mystic Bla  Conj           ######..     1%          4    ##.....
 Summon Horrible Things   Summ           ######....   100%        8    #######
 Animate Skeleton         Necr           N/A          7%          1    None
 Ozocubu's Refrigeration  Ice            ######....   3%          6    ######.
 Call Imp                 Summ           ######..     1%          2    None
 Sting                    Conj/Pois      ####         1%          1    None
 Tukima's Dance           Hex            ##......     21%         3    None
 Summon Greater Demon     Summ           ######....   86%         7    #######
 Spider Form              Tmut/Pois      ####......   3%          3    None
 Blade Hands              Tmut           #####.....   11%         5    ####...
 Ice Form                 Ice/Tmut       ######..     1%          4    ##.....
 Confusing Touch          Hex            ##....       7%          1    None
 Sticks to Snakes         Tmut           #####...     1%          2    None
 Ensorcelled Hibernation  Hex/Ice        #####.       1%          2    None
 Metabolic Englaciation   Hex/Ice        #####.....   19%         5    ####...
 Summon Butterflies       Summ           ######..     1%          1    None
 Dispersal                Tloc           #####.....   78%         6    ######.
 Corona                   Hex            ##.....      7%          1    None
 Alistair's Intoxication  Tmut/Pois      ####....     28%         5    ####...
 Simulacrum               Ice/Necr       #####.....   71%         6    ######.
 Malign Gateway           Summ/Tloc      #####.....   98%         7    #######
 Beastly Appendage        Tmut           #####.       1%          1    None
 Fulminant Prism          Conj/Hex       #####.....   1%          4    ##.....
 Dazzling Spray           Conj/Hex       #####.       1%          3    None
 Force Lance              Conj/Tloc      ######..     1%          4    ##.....
 Spectral Weapon          Hex/Chrm       ##......     21%         3    None
 Searing Ray              Conj           ######       1%          2    None
 Lesser Beckoning         Tloc           #####.....   2%          3    None


Dungeon Overview and Level Annotations

Branches:
Dungeon (15/15)            Temple (1/1) D:7            Lair (6/6) D:9
 Shoals (0/4) Lair:4        Snake (2/4) Lair:3        Slime (0/5) Lair:6
    Orc (2/2) D:10            Elf (0/3) Orc:2
 Vaults: D:13-14     Depths: D:15

Altars:
Ashenzari
Cheibriados
Dithmenos
Elyvilon
Fedhas
Gozag
Hepliaklqana
Kikubaaqudgha
Makhleb
Nemelex Xobeh
Okawaru
Qazlal
Ru
Sif Muna
Trog
Vehumet
Wu Jian
Xom
Zin
The Shining One
Jiyva

Shops:
D:5 *   D:10 *   Orc:2 ((*=[

Annotations:
D:3 Ijyb
D:9 grum
D:10 orc
D:11 exclusion: ugly thing
D:12 DE mage
D:13 slime creatures
Lair:3 exclusion: oklob plant, Fannar
Lair:5 bee hive
Lair:6 1 runed door


Innate Abilities, Weirdness & Mutations

Shadows flee at your approach. (+LOS)
You can swim through water.
You cover ground slowly.
You can hop long distances.


Message History

Unknown command.
You feel sick. The black mamba bites you!
* * * LOW HITPOINT WARNING * * *
Unknown command.
You feel sick. The black mamba misses you.
There is a stone staircase leading up here.
Unknown command.
You feel better.
Your surroundings suddenly seem different.
A salamander comes into view. It is wielding a trident.
Enter note: oh Hop to where?
Press: ? - help, Dir - move target cursor Boing!
The shock serpent hisses angrily.
The shock serpent shoots out a bolt of lightning at you!
The bolt of electricity hits you!
* * * LOW HITPOINT WARNING * * *
The bolt of electricity hits you!
You die...

....####...#.....#
#........# ...#
#...ยง..N.###....
#...........#..N
#?............# ##
##.#.........#
#.###.###.......##
#..#..###.......#
#.@..###.....##
#............#####
#(#.S.........#..
####........###.##
#.#.......####...#
##........###....#
#.......[###..#
###...)[......##
#####....###....#


You could see a shock serpent.

Vanquished Creatures
  2 nagarajas (Snake:2)
  An orc warlord (Orc:2)
  A stone giant (Orc:2)
  An ettin (Orc:2)
  The ghost of Reri the Pandemonic, a journeyman HOMo of Makhleb (Orc:1)
  The ghost of Yngaplae the Slicer, a journeyman VSMo of Okawaru (Orc:1)
  An anaconda (shapeshifter) (D:14)
  9 hydras
  A two-headed ogre (D:14)
  A death knight (D:14)
  2 orc high priests (Orc:2)
  A naga sharpshooter (Snake:2)
  An unseen horror (D:10)
  A naga ritualist (Snake:2)
  4 orc knights
  2 mana vipers
  3 cyclopes
  A manticore (D:14)
  2 deep elf magi
  2 ugly things
  8 orc sorcerers
  3 salamanders (Snake:2)
  A merfolk siren (Lair:4)
  2 centaur skeletons
  5 black mambas
  Psyche (D:8)
  A torpor snail (Lair:5)
  A naga mage (Snake:2)
  24 spiny frogs
  8 komodo dragons
  4 kobold demonologists
  An efreet (D:14)
  2 freezing wraiths (D:14)
  8 trolls
  4 polar bears (Lair:5)
  A meliai (D:10)
  3 tyrant leeches (Lair:6)
  11 slime creatures
  6 hippogriffs
  11 blink frogs (Lair:6)
  9 dream sheep
  2 wraiths (D:14)
  4 wyverns
  A basilisk (Lair:1)
  43 yaks
  15 vampire mosquitoes
  9 wargs
  A soldier ant (D:12)
  3 nagas
  8 water moccasins
  2 hell hounds (D:9)
  An acid dragon (D:14)
  8 porcupines
  4 ice beasts
  7 sky beasts
  2 eyes of draining
  31 orc warriors
  4 black bears
  A phantom (D:6)
  14 ogres
  7 wolves
  A hornet zombie (D:13)
  3 centaurs
  8 crocodiles
  3 big kobolds
  A wyvern zombie (D:13)
  25 bullfrogs
  A water moccasin zombie (D:9)
  A scorpion (D:10)
  3 killer bees (D:12)
  3 electric eels
  3 howler monkeys
  5 centaur zombies
  4 crimson imps
  A quasit (D:12)
  3 bullfrog skeletons
  3 hounds
  18 orc wizards
  16 orc priests
  3 jellies
  2 iguanas
  7 worker ants
  3 hound skeletons
  A howler monkey skeleton (D:4)
  A howler monkey zombie (D:10)
  16 adders
  6 shadow imps
  An ooze (D:2)
  A worm (D:2)
  An adder skeleton (D:9)
  5 leopard geckos
  66 orcs
  3 giant cockroaches
  4 hobgoblins
  12 jackals
  2 quokkas (D:10)
  4 ball pythons
  9 bats
  3 frilled lizards
  7 goblins
  2 jackal skeletons
  17 kobolds
  A rat (D:1)
  2 plants
600 creatures vanquished.

Vanquished Creatures (collateral kills)
  An orc warrior (D:9)
  A black bear (D:7)
  A phantom (D:7)
  2 eyes of draining
  2 centaurs (D:10)
  2 bullfrogs
  2 scorpions
  2 crimson imps
  2 bullfrog zombies
  2 orc priests (D:7)
  An iguana (D:8)
  Jessica (D:2)
  Natasha (D:2)
  A worker ant (D:4)
  The ghost of Leszczynek the Magician, a weakling BaWz (D:3)
  A hound zombie (D:7)
  An adder (D:2)
  A shadow imp (D:5)
  2 worms (D:2)
  A leopard gecko (D:10)
  9 orcs
  A giant cockroach (D:2)
  A goblin (D:3)
  2 jackals (D:3)
  2 quokkas (D:4)
  A ball python skeleton (D:5)
44 creatures vanquished.

Vanquished Creatures (others)
  31 fungi
  39 plants
  2 withered plants (Orc:1)
72 creatures vanquished.

Grand Total: 716 creatures vanquished

Notes
Turn   | Place    | Note
-------+----------+-------------------------------------------
     0 | D:1      | Leszczynek the Barachi Wizard began the quest for the Orb.
     0 | D:1      | Reached XP level 1. HP: 13/13 MP: 4/4
   209 | D:1      | Reached skill level 2 in Conjurations
   265 | D:1      | Reached XP level 2. HP: 11/19 MP: 3/6
   271 | D:1      | Learned a level 2 spell: Call Imp
   328 | D:2      | Found a shimmering altar of Xom.
   353 | D:2      | Reached skill level 2 in Summonings
   375 | D:2      | Noticed Jessica
   379 | D:2      | Killed Jessica
   379 | D:2      | Reached XP level 3. HP: 12/24 MP: 1/7
   403 | D:2      | Learned a level 3 spell: Conjure Flame
   488 | D:2      | Reached skill level 3 in Summonings
   573 | D:2      | Reached skill level 1 in Fire Magic
   850 | D:3      | Reached XP level 4. HP: 30/30 MP: 3/8
   857 | D:3      | Reached skill level 2 in Fire Magic
   874 | D:3      | Noticed Leszczynek's ghost (weakling BaWz)
   887 | D:3      | Killed Leszczynek's ghost
   912 | D:3      | Noticed Ijyb
   971 | D:2      | Noticed Natasha
  1009 | D:2      | Killed Natasha
  1030 | D:2      | Reached skill level 3 in Fire Magic
  1086 | D:3      | Noticed a sky beast
  1178 | D:3      | Killed a sky beast
  1178 | D:3      | Reached skill level 4 in Conjurations
  1178 | D:3      | Reached XP level 5. HP: 15/35 MP: 2/9
  1186 | D:3      | Learned a level 3 spell: Mephitic Cloud
  1327 | D:4      | Reached XP level 6. HP: 33/41 MP: 10/10
  1512 | D:4      | Found an ornate altar of the Wu Jian Council.
  1535 | D:4      | Reached skill level 1 in Air Magic
  1535 | D:4      | Reached skill level 1 in Poison Magic
  1583 | D:5      | Entered Level 5 of the Dungeon
  1602 | D:5      | Found a stormy altar of Qazlal.
  1846 | D:7      | Noticed a phantom
  1941 | D:7      | Killed a phantom
  1941 | D:7      | Reached skill level 2 in Air Magic
  1941 | D:7      | Reached skill level 2 in Poison Magic
  1944 | D:7      | actually 100 turns
  1944 | D:7      | fucking retarded
  2107 | D:6      | Noticed a phantom
  2150 | D:6      | Killed a phantom
  2150 | D:6      | Reached skill level 2 in Fighting
  2244 | D:6      | Reached skill level 3 in Fighting
  2244 | D:6      | Reached XP level 7. HP: 51/52 MP: 5/11
  2386 | D:5      | Reached skill level 4 in Fighting
  2425 | D:5      | Reached skill level 5 in Fighting
  2518 | D:5      | Found Gozag's Platinum Reserve.
  2523 | D:5      | Found an opulent altar of Gozag.
  2666 | D:5      | sdfsdfsdf
  2666 | D:5      | first i forget i'm slow
  2666 | D:5      | then i forget i can swin
  2666 | D:5      | swim
  2666 | D:5      | amazing
  2807 | D:4      | Found a sparkling altar of Nemelex Xobeh.
  2807 | D:4      | Found a glowing golden altar of the Shining One.
  2809 | D:4      | Found a bloodstained altar of Trog.
  2925 | D:7      | Reached skill level 6 in Fighting
  2925 | D:7      | Reached skill level 1 in Maces & Flails
  2938 | D:7      | Found a staircase to the Ecumenical Temple.
  2979 | D:7      | ALL OF YOU COME AT ONCE
  2979 | D:7      | PLEASE
  3039 | D:7      | wow, conjure flame rest the flame from 1 turn left to 1 turn left
  3039 | D:7      | excellent 3 mp spent
  3039 | D:7      | *reset
  3046 | D:7      | Reached skill level 4 in Spellcasting
  3046 | D:7      | Reached XP level 8. HP: 53/64 MP: 2/14
  3075 | D:7      | Reached skill level 3 in Dodging
  3156 | D:7      | Reached skill level 4 in Fire Magic
  3316 | Temple   | Entered the Ecumenical Temple
  3353 | Temple   | actually i have no idea what i want
  3353 | Temple   | let's go with ru then
  3353 | Temple   | hm
  3353 | Temple   | or ash
  3375 | Temple   | Became a worshipper of Vehumet
  3376 | Temple   | :)
  3451 | D:7      | Reached skill level 5 in Fire Magic
  3568 | D:7      | HP: 6/64 [orc warrior/steel tomahawk (20)]
  3570 | Temple   | >>>>>>>
  3752 | D:7      | ahhhhh run out already
  3771 | D:7      | Reached skill level 2 in Maces & Flails
  3928 | D:7      | nice stairs down by the way
  4033 | D:8      | Reached skill level 3 in Maces & Flails
  4078 | D:8      | Noticed a hippogriff
  4081 | D:8      | Reached skill level 4 in Maces & Flails
  4081 | D:8      | Noticed a wyvern
  4083 | D:8      | hmmmmmmmmmmmmmmmmmmm
  4086 | D:8      | nice miscast
  4086 | D:8      | right in time
  4136 | D:7      | ten percent my ass
  4184 | D:7      | Reached XP level 9. HP: 71/71 MP: 2/15
  4205 | D:7      | Reached skill level 4 in Dodging
  4272 | D:7      | Reached skill level 7 in Fighting
  4516 | D:8      | Upgraded the game from 0.22-a0-482-g76e0a5f to 0.22-a0-512-g0943f25
  4516 | D:8      | Upgraded the game from 0.22-a0-512-g0943f25 to 0.22-a0-553-g9358b0b
  4552 | D:8      | Reached skill level 8 in Fighting
  4588 | D:8      | Noticed Psyche
  4627 | D:8      | Reached * piety under Vehumet
  4627 | D:8      | Offered knowledge of Freeze by Vehumet.
  4647 | D:8      | Killed Psyche
  4647 | D:8      | Reached skill level 5 in Maces & Flails
  4647 | D:8      | Reached skill level 2 in Stealth
  4700 | D:8      | Reached skill level 3 in Stealth
  4700 | D:8      | Reached skill level 5 in Conjurations
  4917 | D:8      | Found a deep blue altar of Sif Muna.
  4997 | D:9      | Found a staircase to the Lair.
  5114 | D:8      | Reached skill level 6 in Maces & Flails
  5256 | D:9      | Learned a level 4 spell: Force Lance
  5338 | D:9      | Reached skill level 2 in Translocations
  5453 | D:9      | Reached XP level 10. HP: 80/80 MP: 16/16
  5523 | D:9      | Reached skill level 6 in Conjurations
  5590 | D:9      | Reached skill level 3 in Translocations
  5734 | D:9      | Reached skill level 4 in Translocations
  5858 | D:9      | Reached skill level 5 in Translocations
  5903 | D:9      | Reached skill level 7 in Conjurations
  6206 | D:9      | HP: 8/80 [ogre/giant club (11)]
  6210 | D:9      | Reached ** piety under Vehumet
  6478 | D:9      | Offered knowledge of Throw Frost by Vehumet.
  6478 | D:9      | Reached skill level 4 in Stealth
  6792 | D:10     | Entered Level 10 of the Dungeon
  6933 | D:10     | Reached skill level 9 in Fighting
  6933 | D:10     | Reached skill level 8 in Conjurations
  7189 | D:10     | Offered knowledge of Inner Flame by Vehumet.
  7200 | D:10     | Reached skill level 9 in Conjurations
  7416 | D:10     | Found Bawengup's Assorted Antiques.
  7448 | D:10     | Bought a scroll labeled DUASOQUCLU for 27 gold pieces
  7448 | D:10     | Bought a scroll labeled GEEQIT YMNIDI for 27 gold pieces
  7494 | D:10     | Reached *** piety under Vehumet
  7513 | D:10     | Reached XP level 11. HP: 84/89 MP: 4/17
  7570 | D:10     | Killed an unseen horror
  7570 | D:10     | Reached skill level 5 in Dodging
  7991 | D:11     | Reached skill level 10 in Conjurations
  8033 | D:11     | Identified the Papyrus of Snow and the Voyage (You acquired it on level 11 of the Dungeon)
  8040 | D:11     | Learned a level 4 spell: Throw Icicle
  8045 | D:11     | Found a labyrinth entrance.
  8047 | D:11     | Noticed a brown ugly thing
  8163 | D:12     | Reached skill level 1 in Ice Magic
  8282 | D:12     | Offered knowledge of Olgreb's Toxic Radiance by Vehumet.
  8330 | D:12     | Reached skill level 2 in Ice Magic
  8487 | D:12     | Noticed a deep elf mage
  8879 | D:13     | Reached skill level 3 in Ice Magic
  9056 | D:13     | Reached skill level 10 in Fighting
  9056 | D:13     | Reached skill level 6 in Dodging
  9087 | D:13     | Reached **** piety under Vehumet
  9123 | D:12     | wew lad
  9125 | D:13     | god bless 4.0 in stealth
  9340 | D:13     | Reached skill level 4 in Ice Magic
  9577 | D:10     | Found a staircase to the Orcish Mines.
  9703 | Lair:1   | Entered Level 1 of the Lair of Beasts
  9703 | Lair:1   | Noticed a six-headed hydra
  9710 | Lair:1   | Noticed a five-headed hydra
  9711 | Lair:1   | Killed a six-headed hydra
  9711 | Lair:1   | Reached skill level 5 in Spellcasting
  9711 | Lair:1   | Reached skill level 5 in Ice Magic
  9772 | Lair:1   | Killed a five-headed hydra
  9819 | Lair:1   | Reached skill level 6 in Ice Magic
  9966 | Lair:1   | Learned a level 1 spell: Apportation
 10023 | Lair:1   | Reached skill level 7 in Ice Magic
 10143 | Lair:1   | Reached skill level 6 in Spellcasting
 10182 | Lair:1   | Reached XP level 12. HP: 85/97 MP: 21/21
 10194 | Lair:1   | Offered knowledge of Yara's Violent Unravelling by Vehumet.
 10195 | Lair:1   | i didn't know vehumet can offer yara's
 10195 | Lair:1   | he's so damn useless so far it's not even funny
 10195 | Lair:1   | though i guess that range increase helped with hydras
 10222 | Lair:1   | Reached skill level 8 in Ice Magic
 10470 | Lair:2   | Noticed a seven-headed hydra
 10690 | Lair:2   | Killed a seven-headed hydra
 10690 | Lair:2   | Reached skill level 9 in Ice Magic
 11118 | Lair:3   | Found a staircase to the Snake Pit.
 11136 | Lair:3   | Noticed Fannar
 11232 | Lair:3   | Reached skill level 11 in Conjurations
 11311 | Lair:3   | Reached skill level 10 in Ice Magic
 11865 | Lair:4   | Upgraded the game from 0.22-a0-553-g9358b0b to 0.22-a0-558-gc224181
 11959 | Lair:4   | Found a staircase to the Shoals.
 12122 | Lair:4   | Reached skill level 11 in Ice Magic
 12177 | Lair:4   | Reached skill level 12 in Conjurations
 12331 | Lair:5   | Reached skill level 1 in Shields
 12354 | Lair:5   | Noticed a six-headed hydra
 12419 | Lair:5   | Reached skill level 2 in Shields
 12482 | Lair:6   | Entered Level 6 of the Lair of Beasts
 12503 | Lair:6   | frog pond
 12533 | Lair:5   | Reached skill level 3 in Shields
 12702 | Lair:5   | Reached skill level 4 in Shields
 12702 | Lair:5   | Gained mutation: You can hop long distances. [Barachi growth]
 12702 | Lair:5   | Reached XP level 13. HP: 103/103 MP: 9/22
 12834 | Lair:5   | Reached ***** piety under Vehumet
 12834 | Lair:5   | Offered knowledge of Irradiate by Vehumet.
 12835 | Lair:5   | these spells man
 12835 | Lair:5   | these spells
 12835 | Lair:5   | freeze, fine
 12835 | Lair:5   | throw frost, fine
 12835 | Lair:5   | and then
 12835 | Lair:5   | inner flame
 12835 | Lair:5   | olgreb's
 12835 | Lair:5   | yara's
 12835 | Lair:5   | and now irradiate
 12835 | Lair:5   | at least i can use irradiate
 12835 | Lair:5   | but come on
 12835 | Lair:5   | no bolt?
 12835 | Lair:5   | really?
 12841 | Lair:5   | Learned a level 5 spell: Irradiate
 12865 | Lair:5   | but i have to say, hop range at xl 13 is really good
 12944 | Lair:5   | Reached skill level 7 in Dodging
 12944 | Lair:5   | Reached skill level 1 in Transmutations
 12982 | Lair:5   | Reached skill level 2 in Transmutations
 13143 | Lair:5   | Reached skill level 3 in Transmutations
 13231 | Lair:5   | Reached skill level 8 in Dodging
 13341 | Lair:5   | i don't think i wanna do it
 13391 | Lair:6   | oh boy, these are even worse
 13394 | Lair:6   | Reached skill level 4 in Transmutations
 13414 | Lair:5   | i can deal with a whole yak pack like that in 4 turns
 13414 | Lair:5   | not bad actually
 13414 | Lair:5   | as long as i can tank that pack long enough
 13421 | Lair:5   | there's a bee hive here too
 13468 | Lair:6   | Reached skill level 5 in Transmutations
 13514 | Lair:5   | the one problem is that it takes so much time to remove contamination
 13543 | Lair:5   | Reached skill level 6 in Transmutations
 13686 | Lair:6   | Reached skill level 7 in Transmutations
 14120 | Lair:6   | Found a runed door.
 14121 | Lair:6   | Found a viscous altar of Jiyva.
 14123 | Lair:6   | Found a staircase to the Slime Pits.
 14287 | Lair:6   | Reached skill level 9 in Dodging
 14394 | Lair:6   | Reached skill level 11 in Fighting
 14472 | Lair:6   | Reached XP level 14. HP: 113/113 MP: 23/23
 14606 | Lair:6   | Reached skill level 13 in Conjurations
 14699 | Lair:6   | oh, manual of stealth
 14699 | Lair:6   | not bad
 14755 | Lair:6   | Got a smoking granite ring
 14757 | Lair:6   | Identified the ring of Huerr {+Fly rN+ Str+3} (You found it on level 6 of the Lair of Beasts)
 14760 | Lair:6   | Identified Sif Muna's Handbook of Boosting Intoxication
 14762 | Lair:6   | wanted a conjuration bolt?
 14762 | Lair:6   | here's one
 14762 | Lair:6   | VENOM BOLT
 14762 | Lair:6   | ohhh yeahhhhh
 14762 | Lair:6   | well, i wonder what vehumet will give me next
 15150 | D:11     | Offered knowledge of Sticky Flame by Vehumet.
 15155 | D:11     | sticky flame?
 15155 | D:11     | at 5*?
 15155 | D:11     | okay, i need to see the code, now
 15155 | D:11     | yep, possible
 15155 | D:11     | the level of the possible gift does not depend on your piety
 15155 | D:11     | but on the hardcoded array that defines min and max level of the gift
 15155 | D:11     | it increases with number of gifts received
 15155 | D:11     | if i understand it properly, you're supposed to get 12 single gifts and then 13th, 14th and 15th at the same time
 15155 | D:11     | this means that if you rush and increase piety fast, the gifts will lag severely behind
 15155 | D:11     | i'm not even rushing that much, see
 15155 | D:11     | i'm yet to enter orc at 15k turns
 15155 | D:11     | that's hella slow for speedrunning standards
 15155 | D:11     | and the arbitrary arrays' values for 7th gift is 4-7
 15155 | D:11     | *are
 15155 | D:11     | so yes, 7th gift being at level 4 is totally possible
 15155 | D:11     | sticky flame, woo
 15155 | D:11     | if it did all its damage up front, i'd take it
 15155 | D:11     | but yeah, it doesn't
 15155 | D:11     | also, for future reference, this stuff is in religion.cc
 15155 | D:11     | Upgraded the game from 0.22-a0-558-gc224181 to 0.22-a0-617-g6d95e9e
 15155 | D:11     | Upgraded the game from 0.22-a0-617-g6d95e9e to 0.22-a0-619-ga0c6fd2
 15155 | D:11     | Upgraded the game from 0.22-a0-619-ga0c6fd2 to 0.22-a0-750-ga7dcef7
 15155 | D:11     | Upgraded the game from 0.22-a0-750-ga7dcef7 to 0.22-a0-772-gac08f70
 15218 | D:11     | Found an ornate altar of the Wu Jian Council.
 15328 | Orc:1    | Entered Level 1 of the Orcish Mines
 15435 | Orc:1    | Upgraded the game from 0.22-a0-772-gac08f70 to 0.22-a0-782-g038298e
 15592 | Orc:1    | Found a runed gate.
 15593 | Orc:1    | Found a runed gate.
 15594 | Orc:1    | Found a runed gate.
 15596 | Orc:1    | Noticed Reri's ghost (journeyman HOMo)
 15598 | Orc:1    | Noticed Yngaplae's ghost (journeyman VSMo)
 15741 | Orc:1    | Reached skill level 5 in Stealth
 16059 | Orc:2    | Entered Level 2 of the Orcish Mines
 16081 | Orc:1    | Reached skill level 12 in Fighting
 16134 | Orc:2    | Found Puivyj's Weapon Shop.
 16180 | Orc:2    | Bought the +10 zealot's sword {holy, *Rage rN+ EV+3} for 1264 gold pieces
 16180 | Orc:2    | Found the +10 zealot's sword {holy, *Rage rN+ EV+3}
 16202 | Orc:2    | Reached skill level 1 in Long Blades
 16361 | Orc:2    | Reached skill level 2 in Long Blades
 16446 | Orc:2    | Reached skill level 3 in Long Blades
 16450 | Orc:2    | Noticed an orc warlord
 16548 | Orc:2    | Killed an orc warlord
 16548 | Orc:2    | Reached skill level 4 in Long Blades
 16555 | Orc:2    | Noticed a stone giant
 16556 | Orc:2    | uh huh
 16556 | Orc:2    | sure
 16557 | Orc:2    | time to tank the rocks i guess
 16572 | Orc:1    | that's it, i think
 16659 | Orc:2    | Killed a stone giant
 16659 | Orc:2    | Reached skill level 5 in Long Blades
 16664 | Orc:2    | damn irradiate is strong
 16726 | Orc:2    | Found Odwyg's General Store.
 16996 | Orc:2    | and an ettin
 16996 | Orc:2    | wow
 17003 | Orc:2    | Reached skill level 6 in Long Blades
 17157 | Orc:2    | Found Jaanoh's Antique Weapon Boutique.
 17306 | Orc:2    | Offered knowledge of Bolt of Cold by Vehumet.
 17390 | Orc:2    | Found Zanitzom's Antique Armour Shop.
 17403 | Orc:2    | Reached skill level 7 in Long Blades
 17425 | Orc:2    | Found Cack's Jewellery Shoppe.
 17434 | Orc:2    | MP+9 or int+6
 17486 | Orc:2    | Found a staircase to the Elven Halls.
 17549 | Orc:2    | Bought an ominously black robe for 193 gold pieces
 17559 | Orc:2    | Identified the cursed +0 robe of Darkness {rN+ MP+9 Stlth+} (You bought it in a shop on level 2 of the Orcish Mines)
 17559 | Orc:2    | hmmmmmmmmmmmm
 17588 | Orc:2    | Bought an uncursed amulet of magic regeneration for 510 gold pieces
 17617 | Orc:2    | Bought a scroll of fear for 49 gold pieces
 17617 | Orc:2    | Bought a scroll of teleportation for 42 gold pieces
 17617 | Orc:2    | Bought a scroll of magic mapping for 49 gold pieces
 17712 | Orc:1    | ok, let's hope i won't die
 17721 | Orc:1    | Killed Yngaplae's ghost
 17735 | Orc:1    | Killed Reri's ghost
 17741 | Orc:1    | phew
 17741 | Orc:1    | didn't get mutated
 17757 | Orc:1    | and a summoning book
 17757 | Orc:1    | great
 17772 | Orc:1    | Got a faintly humming buckler
 17783 | Orc:1    | Identified the +1 buckler of Kuasoz {+Blink rElec rCorr Int-4} (You found it on level 1 of the Orcish Mines)
 17913 | D:12     | Reached skill level 7 in Spellcasting
 18163 | D:13     | Learned a level 7 spell: Monstrous Menagerie
 18304 | D:13     | Reached skill level 8 in Long Blades
 18396 | D:14     | Reached XP level 15. HP: 113/120 MP: 26/26
 18459 | D:14     | Reached skill level 4 in Summonings
 18636 | D:14     | Reached skill level 5 in Summonings
 18874 | D:14     | Reached skill level 8 in Spellcasting
 19017 | D:15     | Entered Level 15 of the Dungeon
 19153 | D:15     | this is some major ass bullshit
 19156 | D:15     | Reached skill level 6 in Summonings
 19186 | D:14     | my trust in my low level spells is astounding
 19186 | D:14     | i should just learn this bolt of cold before it disappears
 19186 | D:14     | snake shouldn't have anything that's not affected by it, right?
 19291 | D:10     | Bought a scroll of blinking for 202 gold pieces
 19291 | D:10     | Bought a scroll of remove curse for 81 gold pieces
 19402 | Snake:1  | Entered Level 1 of the Snake Pit
 19403 | Snake:1  | no rpois in the game btw
 19451 | Lair:3   | Learned a level 6 spell: Bolt of Cold
 19465 | Snake:1  | Reached skill level 9 in Spellcasting
 19859 | Snake:2  | Noticed a nagaraja
 19891 | Snake:2  | Reached skill level 7 in Summonings
 19927 | Snake:2  | Killed a nagaraja
 19927 | Snake:2  | Reached skill level 8 in Summonings
 20000 | Snake:2  | Noticed a nagaraja
 20007 | Snake:2  | Killed a nagaraja
 20020 | Snake:2  | HP: 23/120 [black mamba (8)]
 20023 | Snake:2  | oh
 20023 | Snake:2  | HP: 11/120 [shock serpent/bolt of electricity (17)]
 20023 | Snake:2  | Killed from afar by a shock serpent

Vault maps used:
D:1:      ncdulo_smallfort, skrybe_limestone_x
D:2:      xom_teletrap_fun, minmay_misc_feat_alley, uniq_natasha, uniq_terence,
          uniq_jessica
D:3:      uniq_ijyb, uniq_grinder
D:4:      cheibrodos_quashed, nicolae_overflow_crystal_walls,
          nicolae_overflow_hidden_temple
D:5:      nicolae_gozag_zags_fifth_avenue, first_ration, grunt_qazlal_sundering
D:6:      yredelemnul_forgotten_temple_becter
D:7:      minmay_temple_entry_water_ring
D:8:      lemuel_doored_altar, uniq_psyche
D:9:      minmay_lair_entry_lava, hangedman_ranch,
          minmay_misc_feat_more_columns, uniq_grum
D:10:     david_orc_1_choice, serial_shops, shop, minmay_bent
D:11:     basic_altar, lab_entry_generic
D:12:     minmay_orc_keep
D:14:     david_vaults_5
D:15:     hangedman_depths_entry_civil_slaughter, tso_altar
Temple:   eino_temple_water
Lair:1:   infiniplex_staircase_pool_2, grunt_megastairs_3
Lair:3:   minmay_snake_entry_six_corridors, lemuel_fruit_tree,
          serial_bayou_shore_a, minmay_lair_oklob_chamber, uniq_fannar
Lair:4:   minmay_shoals_entry_lonely_mermaid, kennysheep_rathole
Lair:5:   regret_index_combs_of_tragedy, beast_lair_carwin_1, grunt_megastairs_5
Lair:6:   minmay_lair_end_frog_pond, slime_altar_2
Snake:1:  uniq_aizul, uniq_donald
Snake:2:  spider_trap
Orc:1:    gammafunk_ghost_cemetery, mines5_lemuel
Orc:2:    grunt_orc_gardens, grunt_orc_garden, grunt_orc_garden,
          grunt_orc_garden, grunt_orc_garden, serial_shops, shop

Skill      XL: |  1  2  3  4  5  6  7  8  9 10 11 12 13 14 15 |
---------------+----------------------------------------------+-----
Conjurations   | 2 4 5 9 10 12 13 | 13.7
Summonings     | 2 3 8 |  8.7
Fire Magic     | 1 3 5 |  5.4
Air Magic      | 2 |  2.1
Poison Magic   | 2 |  2.1
Fighting       | 3 6 8 9 10 11 12 | 12.0
Maces & Flails | 1 4 6 |  6.7
Spellcasting   | 4 6 7 9 |  9.1
Dodging        | 3 4 6 9 |  9.0
Stealth        | 3 4 5 |  5.4
Translocations | 2 5 |  5.0
Ice Magic      | 7 11 | 11.1
Shields        | 4 |  4.2
Transmutations | 7 |  7.0
Long Blades    | 8 |  8.5

Action                   |  1- 3 |  4- 6 |  7- 9 | 10-12 | 13-15 || total
-------------------------+-------+-------+-------+-------+-------++-------
Melee: Mace              |    16 |    14 |    99 |   390 |   362 ||   881
       Spear             |    24 |    29 |    36 |       |       ||    89
       Dagger            |    19 |    80 |    88 |       |       ||   187
       Flail             |       |       |       |    10 |       ||    10
       Long sword        |       |       |       |       |    66 ||    66
       Eudemon blade     |       |       |       |       |    16 ||    16
 Fire: Fustibalus        |       |     8 |   125 |   492 |    79 ||   704
       Hunting sling     |       |       |    26 |       |       ||    26
       Hand crossbow     |       |       |       |       |     4 ||     4
Throw: Tomahawk          |       |       |     1 |       |     7 ||     8
 Cast: Magic Dart        |    53 |    28 |    36 |       |       ||   117
       Call Imp          |     4 |    35 |    33 |    20 |     1 ||    93
       Conjure Flame     |     2 |     3 |    31 |    78 |    13 ||   127
       Mephitic Cloud    |       |       |    10 |    15 |     8 ||    33
       Force Lance       |       |       |       |    31 |    17 ||    48
       Throw Icicle      |       |       |       |   119 |   279 ||   398
       Apportation       |       |       |       |     9 |    25 ||    34
       Irradiate         |       |       |       |       |    78 ||    78
       Bolt of Cold      |       |       |       |       |     3 ||     3
 Abil: Hop               |     1 |       |    10 |    18 |    17 ||    46
Evoke: Wand              |       |       |     2 |     5 |     6 ||    13
  Use: Scroll            |       |     7 |     4 |    18 |    10 ||    39
       Potion            |       |       |     4 |     4 |     1 ||     9
 Stab: Sleeping          |       |     3 |       |     3 |       ||     6
       Distracted        |       |     3 |       |       |       ||     3
       Confused          |       |       |     1 |       |     6 ||     7
  Eat: Chunk             |     1 |     4 |    12 |    41 |    50 ||   108
       Ration            |       |     1 |     1 |     3 |     7 ||    12
Armor: Robe              |    15 |    32 |    55 |   138 |       ||   240
       Leather armour    |       |       |       |    84 |   222 ||   306
       Troll leather arm |       |       |       |       |    11 ||    11
Dodge: Dodged            |    39 |    79 |   160 |   354 |   457 ||  1089
Block: Buckler           |       |       |       |     4 |   149 ||   153
       Rpst.: Long sword |       |       |       |       |    31 ||    31
       Eudemon blade     |       |       |       |       |     5 ||     5

Table legend:
 A = Spawn XP
 B = Non-spawn XP
 C = Spawn XP percentage of total XP
 D = Spawn monster count
 E = Non-spawn monster count
 F = Spawn count percentage of total count
 G = Total turns spent on level
                    A         B        C        D         E        F      G
               +---------+---------+-------+---------+---------+-------+---------
         Total |       0 |  109954 |   0.0 |       0 |     641 |   0.0 | 20023
               +---------+---------+-------+---------+---------+-------+---------
           D:1 |       0 |      19 |   0.0 |       0 |      13 |   0.0 |   416
           D:2 |       0 |     115 |   0.0 |       0 |      28 |   0.0 |   627
           D:3 |       0 |     171 |   0.0 |       0 |      13 |   0.0 |   269
           D:4 |       0 |      58 |   0.0 |       0 |       8 |   0.0 |   279
           D:5 |       0 |     340 |   0.0 |       0 |      19 |   0.0 |   664
           D:6 |       0 |     282 |   0.0 |       0 |      12 |   0.0 |   545
           D:7 |       0 |    1666 |   0.0 |       0 |      32 |   0.0 |  1320
           D:8 |       0 |    1580 |   0.0 |       0 |      25 |   0.0 |   767
           D:9 |       0 |    3067 |   0.0 |       0 |      38 |   0.0 |  1799
          D:10 |       0 |    3102 |   0.0 |       0 |      36 |   0.0 |  1386
          D:11 |       0 |    1226 |   0.0 |       0 |      16 |   0.0 |   724
          D:12 |       0 |    2712 |   0.0 |       0 |      30 |   0.0 |   930
          D:13 |       0 |    4886 |   0.0 |       0 |      30 |   0.0 |   990
          D:14 |       0 |    9228 |   0.0 |       0 |      23 |   0.0 |   699
          D:15 |       0 |    3804 |   0.0 |       0 |      17 |   0.0 |    41
        Lair:1 |       0 |    6379 |   0.0 |       0 |      18 |   0.0 |   952
        Lair:2 |       0 |    1342 |   0.0 |       0 |       4 |   0.0 |   271
        Lair:3 |       0 |    4867 |   0.0 |       0 |      38 |   0.0 |  1133
        Lair:4 |       0 |    3222 |   0.0 |       0 |      12 |   0.0 |   549
        Lair:5 |       0 |    9741 |   0.0 |       0 |      40 |   0.0 |  1527
        Lair:6 |       0 |   18336 |   0.0 |       0 |      66 |   0.0 |   986
       Snake:1 |       0 |    2680 |   0.0 |       0 |       7 |   0.0 |   170
       Snake:2 |       0 |    8122 |   0.0 |       0 |      10 |   0.0 |   159
         Orc:1 |       0 |    8118 |   0.0 |       0 |      49 |   0.0 |  1058
         Orc:2 |       0 |   14891 |   0.0 |       0 |      57 |   0.0 |  1450
               +---------+---------+-------+---------+---------+-------+---------
